 Dungeon Crawl Stone Soup version 0.30-a0-862-g1aabd4f9c5 (webtiles) character file.

Game seed: 16680670677918146395

20024 Jeffwins the Skirmisher (level 13, -1/86 HPs)
             Began as a Human Wanderer on Mar 9, 2023.
             Was a High Priest of Vehumet.
             Slain by a blink frog (4 damage)
             ... while petrified by a catoblepas
             ... on level 2 of the Lair of Beasts.
             The game lasted 00:27:54 (14367 turns).

Jeffwins the Skirmisher (Human Wanderer)           Turns: 14367, Time: 00:27:55

Health: -1/86      AC: 15    Str: 16    XL:     13   Next: 9%
Magic:  22/22      EV:  2    Int: 13    God:    Vehumet [*****.]
Gold:   787        SH:  0    Dex: 14    Spells: 9/24 levels left

rFire   . . .      SeeInvis .    a - +4 sling
rCold   . . .      Faith    .    (no shield)
rNeg    + + +      Spirit   .    M - +0 troll leather armour
rPois   ∞          Reflect  .    H - +0 helmet
rElec   .          Rampage  .    d - +2 cloak
rCorr   .                        w - +1 pair of gloves
Will    .....                    C - +0 pair of boots
Stlth   +++                      o - amulet of magic regeneration
HPRegen 1.14/turn                E - +5 ring of evasion
MPRegen 0.58/turn                O - +4 ring of protection

@: petrified
A: no striking features
a: Renounce Religion


You were on level 2 of the Lair of Beasts.
You worshipped Vehumet.
Vehumet was extremely pleased with you.
You visited 3 branches of the dungeon, and saw 15 of its levels.

You collected 971 gold pieces.
You spent 184 gold pieces at shops.


   Skills:
 - Level 3.0 Fighting
 * Level 13.0 Ranged Weapons
 + Level 5.7 Throwing
 - Level 1.0 Armour
 - Level 1.0 Dodging
 - Level 5.0 Stealth
 + Level 6.0 Spellcasting
 + Level 1.2 Conjurations
 + Level 1.1 Fire Magic
 * Level 9.6 Ice Magic
 + Level 6.2 Poison Magic
 - Level 1.0 Invocations
 + Level 6.4 Evocations


You had 9 spell levels left.
You knew the following spells:

 Your Spells              Type           Power      Damage    Failure   Level
x - Olgreb's Toxic Radia  Pois           20%        N/A       4%          4
y - Sticky Flame          Conj/Fire      7%         2d3       30%         4
z - Ozocubu's Refrigerat  Ice            14%        4d10      58%         7

Your spell library contained the following spells:

 Spells                   Type           Power      Damage    Failure   Level
 Hailstorm                Conj/Ice       18%        3d6       1%          3
 Ozocubu's Armour         Ice            29%        N/A       1%          3
 Inner Flame              Hex/Fire       5%         N/A       13%         3
 Stone Arrow              Conj/Erth      10%        3d7       13%         3
 Ice Form                 Ice/Tmut       16%        N/A       28%         4
 Animate Armour           Summ/Erth      6%         N/A       90%         4
 Cause Fear               Hex            1%         N/A       90%         4
 Summon Lightning Spire   Summ/Air       3%         N/A       90%         4
 Simulacrum               Ice/Necr       8%         N/A       99%         6
 Storm Form               Tmut/Air       1%         N/A       100%        7
 Discord                  Hex            1%         N/A       100%        8
 Ignition                 Fire           3%         3d4       100%        8
 Lehudib's Crystal Spear  Conj/Erth      2%         10d2      100%        8
 Maxwell's Capacitive Co  Air            1%         ∞         100%        8

Inventory:

Hand Weapons
 a - a +4 sling (weapon)
 b - a +0 longbow
 k - a +3 scimitar of freezing
Missiles
 y - 31 poisoned darts
Armour
 d - a +2 cloak (worn)
 h - a +2 leather armour of poison resistance
 w - a +1 pair of gloves (worn)
 C - a +0 pair of boots (worn)
 G - a +2 leather armour of fire resistance
 H - a +0 helmet (worn)
 M - a +0 troll leather armour (worn)
 Q - a +1 scale mail of willpower
Magical Staves
 K - a staff of cold
 N - a staff of fire
Jewellery
 e - a +5 ring of evasion
 i - an amulet of the acrobat
 o - an amulet of magic regeneration (around neck)
 E - a +5 ring of evasion (left hand)
 F - a ring of fire
 O - a +4 ring of protection (right hand)
Wands
 n - a wand of digging (7)
 v - a wand of flame (1)
 x - a wand of mindburst (7)
 L - a wand of polymorph (4)
Scrolls
 l - 5 scrolls of vulnerability {!r}
 p - 5 scrolls of enchant weapon
 s - 2 scrolls of identify {@r1}
 t - a scroll of magic mapping
 z - 2 scrolls of amnesia
 A - 6 scrolls of fog
 D - 7 scrolls of teleportation {@r4}
 I - 2 scrolls of immolation {!r}
 J - 3 scrolls of poison {!r}
 P - 3 scrolls of enchant armour
 S - 2 scrolls of blinking
Potions
 c - a potion of brilliance
 f - a potion of mutation {!q}
 g - 4 potions of haste {@q3}
 j - 4 potions of lignification {!q}
 m - 2 potions of curing {@q1}
 q - a potion of cancellation
 r - 2 potions of invisibility
 u - 2 potions of flight
 B - 2 potions of attraction {!q}
 R - a potion of berserk rage {unknown}
 T - 6 potions of ambrosia

Dungeon Overview and Level Annotations

Branches:
Dungeon (12/15)            Temple (1/1) D:6            Lair (2/5) D:9
  Snake (0/4) Lair:2          Orc (0/2) D:11
  Swamp: Lair:2-3    Shoals: Lair:2-3

Altars:
Ashenzari
Cheibriados
Dithmenos
Elyvilon
Fedhas
Gozag
Hepliaklqana
Kikubaaqudgha
Makhleb
Nemelex Xobeh
Okawaru
Qazlal
Ru
Sif Muna
Trog
Uskayaw
Vehumet
Wu Jian
Xom
Yredelemnul
Zin
The Shining One

Shops:
D:1 [   D:5 *   D:10 [

Annotations:
D:9 2 transporters
Lair:2 exclusion: 2 oklob plants

....
####.......†.#######.####..♣
...# #..........# #...).....♣
... #..........# ###.'#.#.#♣
.. #.#..###+.## ##..##.♣ .
#####....## ##.P#### #
#..#....## ##..## ♣ ###
##.......# ##P..# ♣ Y.#
#.....Y.# #(...# ♣ ..####
#......@# ##P.##
#.##.#####......F# #..##
#....##.##.......# #...#
..P..Y§.#........# ##.P#
..#.###Y.#.......# ##.## ##
#.##♣ #♣.#.......### #..# ##.
♣♣# ♣♣♣♣........# ##.## #..
♣♣♣♣♣♣♣♣♣♣♣♣♣...### #..# ###.
♣≈≈~≈≈♣≈~~~~♣♣♣..P####.####...


You could see a catoblepas (very poisoned) and a blink frog (very poisoned).


Message History

You are slowing down.
The catoblepas gores you!!
The catoblepas attacks as you move away!
The catoblepas gores you!!
* * * LOW HITPOINT WARNING * * *
The catoblepas breathes a plume of calcifying dust at you.
The blast of calcifying dust hits you but does no damage.
Your limbs are stiffening.
Unknown command.
Unknown command.
Unknown command.
The catoblepas barely misses you.
You have turned to stone.
The catoblepas gores you!
* * * LOW HITPOINT WARNING * * *
The catoblepas breathes a plume of calcifying dust at you.
The blast of calcifying dust hits you but does no damage.
You are engulfed in calcifying dust.
The catoblepas breathes a plume of calcifying dust at you.
The blast of calcifying dust hits you.
* * * LOW HITPOINT WARNING * * *
You are engulfed in calcifying dust.
The blink frog is no longer petrified.
The catoblepas gores you!!
* * * LOW HITPOINT WARNING * * *
You are engulfed in calcifying dust.
The blink frog blinks!
The catoblepas gores you!
* * * LOW HITPOINT WARNING * * *
You are engulfed in calcifying dust.
The catoblepas gores you!!
* * * LOW HITPOINT WARNING * * *
The blink frog hits you!
You die...

Skill      XL: |  1  2  3  4  5  6  7  8  9 10 11 12 13 |
---------------+----------------------------------------+-----
Stealth        | 1 2 3 4 5 |  5.0
Ranged Weapons | 5 6 7 9 10 11 12 13 | 13.0
Ice Magic      | 2 4 6 8 9 |  9.6
Spellcasting   | 1 3 4 5 6 |  6.0
Evocations     | 2 4 5 6 |  6.4
Poison Magic   | 2 4 5 6 |  6.2
Throwing       | 3 4 5 |  5.7
Conjurations   | 1 |  1.2
Fire Magic     | 1 |  1.1
Fighting       | |  3.0
Armour         | |  1.0
Dodging        | |  1.0
Invocations    | |  1.0

Action                     |  1- 3 |  4- 6 |  7- 9 | 10-12 | 13-15 || total
---------------------------+-------+-------+-------+-------+-------++-------
  Melee: Longbow           |       |       |       |     5 |       ||     5
   Fire: Sling             |   107 |   211 |   420 |   705 |    52 ||  1495
         Longbow           |       |       |       |    90 |       ||    90
  Throw: Dart              |       |       |       |     2 |       ||     2
   Cast: Olgreb's Toxic Ra |       |       |       |    59 |    13 ||    72
  Evoke: Wand              |       |       |     9 |    35 |       ||    44
    Use: Potion            |       |     2 |     2 |    13 |       ||    17
         Scroll            |       |     3 |     5 |    12 |       ||    20
 Armour: Leather armour    |    15 |    23 |    90 |    98 |       ||   226
         Skin              |       |     4 |       |       |       ||     4
         Troll leather arm |       |       |       |    71 |    21 ||    92
  Dodge: Dodged            |    28 |    38 |   131 |   310 |    24 ||   531

Levels and vault maps discovered:
D:1:      psy_arrival_statuary, layout_basic, serial_shops, shop_coins
D:2:      layout_loops_ring, minmay_domino_2, uniq_natasha
D:3:      minmay_wonky_spiral, layout_basic, mainiacjoe_overflow_paths,
          jmf_multi_god_temple2, kennysheep_decorative_pillar,
          chequers_serial_rivers_small_3
D:4:      cheibrodos_pilgrimage, layout_loops_corners
D:5:      layout_layer_cave, minmay_misc_feat_doors, nicolae_shop_gadgets
D:6:      layout_basic, minmay_temple_entry_slanted, minmay_fire_ice_demons
D:7:      layout_loops_ring, lemuel_round_altar, uniq_joseph, uniq_duvessa
D:8:      layout_loops_ring, nicolae_overflow_quartered_altars
D:9:      layout_basic, gammafunk_temple_overflow_arena, dpeg_oklobed_lair,
          guppyfry_early_elven_hall
D:10:     layout_big_octagon, minmay_shop_chei, amcnicky_mini_corridor_feature
D:11:     layout_basic, hiddenorc2_lemuel, serial_bayou, serial_bayou_pond_a,
          serial_bayou_pond_a, serial_bayou_pond_c, serial_bayou_shore_b
D:12:     regret_index_bee_streams, layout_irregular_city,
          nicolae_trove_entry_isolated
Temple:   nicolae_temple_god_jail
Lair:1:   layout_gridlike
Lair:2:   layout_roguey [special_room_bee], nicolae_swamp_entry_splash_gauntlet,
          guppyfry_snake_entry_garden, hangedman_tree_tricks,
          nicolae_quartered_pool_super, pond

Notes
Turn   | Place    | Note
-------+----------+-------------------------------------------
     0 | D:1      | Jeffwins the Human Wanderer began the quest for the Orb.
     0 | D:1      | Jeffwins set off with the following items: a +3 sling, a +0
                  | pair of boots, a potion of invisibility, a +0 leather
                  | armour.
     0 | D:1      | Reached XP level 1. HP: 18/18 MP: 1/1
   184 | D:1      | Reached XP level 2. HP: 24/24 MP: 2/2
   253 | D:1      | Reached skill level 1 in Stealth
   495 | D:1      | Reached XP level 3. HP: 29/29 MP: 3/3
   558 | D:1      | Found Ciojam's Antique Armour Shop.
  1113 | D:2      | Reached XP level 4. HP: 33/35 MP: 4/4
  1130 | D:2      | Noticed Natasha
  1139 | D:2      | Killed Natasha
  1140 | D:2      | Reached skill level 5 in Ranged Weapons
  1140 | D:2      | Reached skill level 2 in Stealth
  1442 | D:2      | Noticed Natasha
  1454 | D:2      | Killed Natasha
  1455 | D:2      | Reached XP level 5. HP: 37/41 MP: 5/5
  1691 | D:3      | Found a large runed translucent door.
  1691 | D:3      | Found a large runed translucent door.
  1940 | D:3      | Found a shimmering altar of Xom.
  2245 | D:3      | HP: 3/41 [gnoll/+0 flail (6)]
  2285 | D:2      | Noticed Natasha
  2400 | D:2      | Killed Natasha
  2401 | D:2      | Reached skill level 3 in Stealth
  2455 | D:3      | Reached skill level 6 in Ranged Weapons
  2455 | D:3      | Reached XP level 6. HP: 47/47 MP: 6/6
  3079 | D:3      | Found a hide-covered altar of Uskayaw.
  3090 | D:3      | Found a hazy altar of Hepliaklqana.
  3714 | D:4      | Reached XP level 7. HP: 26/52 MP: 7/7
  4049 | D:4      | Reached skill level 4 in Stealth
  4142 | D:5      | Entered Level 5 of the Dungeon
  4298 | D:5      | Reached skill level 7 in Ranged Weapons
  4345 | D:5      | You fall into a shaft and drop 2 floors!
  4559 | D:7      | HP: 3/52 [phantom (3)]
  4706 | D:7      | Reached XP level 8. HP: 58/58 MP: 8/8
  4811 | D:6      | Reached skill level 8 in Ranged Weapons
  4811 | D:6      | Reached skill level 5 in Stealth
  5186 | D:5      | Found Tinat's Gadget Gallery.
  5194 | D:5      | Bought a wand of mindburst (11) for 184 gold pieces
  6032 | D:6      | Learned a level 7 spell: Ozocubu's Refrigeration
  6204 | D:6      | Reached skill level 9 in Ranged Weapons
  6402 | D:6      | Reached skill level 1 in Ice Magic
  6425 | D:6      | Reached skill level 1 in Spellcasting
  6437 | D:6      | Reached skill level 2 in Ice Magic
  6605 | D:6      | Found a staircase to the Ecumenical Temple.
  6629 | Temple   | Entered the Ecumenical Temple
  6690 | Temple   | Became a worshipper of Vehumet
  6811 | D:6      | Reached XP level 9. HP: 54/63 MP: 11/11
  6816 | D:6      | Learned a level 4 spell: Olgreb's Toxic Radiance
  7191 | D:7      | Reached skill level 1 in Evocations
  7197 | D:7      | Noticed Joseph
  7215 | D:7      | Killed Joseph
  7216 | D:7      | Reached skill level 2 in Spellcasting
  7216 | D:7      | Reached skill level 3 in Ice Magic
  7216 | D:7      | Reached skill level 1 in Poison Magic
  7445 | D:7      | Reached skill level 2 in Evocations
  7445 | D:7      | Found a glowing golden altar of the Shining One.
  7569 | D:7      | Noticed Dowan
  7593 | D:7      | Killed Dowan
  7594 | D:7      | Reached skill level 4 in Ice Magic
  7647 | D:7      | Reached skill level 10 in Ranged Weapons
  7647 | D:7      | Reached skill level 2 in Poison Magic
  8086 | D:8      | Noticed a troll
  8216 | D:8      | Reached * piety under Vehumet
  8216 | D:8      | Offered knowledge of Freeze by Vehumet.
  8291 | D:8      | Found a shimmering blue altar of Sif Muna.
  8315 | D:8      | Reached skill level 3 in Spellcasting
  8315 | D:8      | Reached XP level 10. HP: 67/70 MP: 14/14
  8336 | D:8      | Found a snail-covered altar of Cheibriados.
  8604 | D:8      | Found a white marble altar of Elyvilon.
  8618 | D:8      | Found a broken altar of Ashenzari.
  8783 | D:9      | Noticed a centaur warrior
  8827 | D:9      | Reached skill level 1 in Throwing
  8827 | D:9      | Reached skill level 5 in Ice Magic
  8832 | D:9      | Found a transporter.
  8832 | D:9      | Found a bloodstained altar of Trog.
  8861 | D:9      | Noticed a kobold demonologist
  8869 | D:9      | Killed a kobold demonologist
  8870 | D:9      | Reached skill level 3 in Evocations
  8907 | D:9      | Reached skill level 3 in Poison Magic
  8937 | D:9      | Noticed a two-headed ogre
  8962 | D:9      | Killed a two-headed ogre
  8963 | D:9      | Reached skill level 2 in Throwing
  9184 | D:8      | Reached skill level 6 in Ice Magic
  9328 | D:9      | Noticed a two-headed ogre
  9338 | D:9      | Killed a two-headed ogre
  9339 | D:9      | Reached skill level 11 in Ranged Weapons
  9366 | D:9      | Noticed a deep elf pyromancer
  9377 | D:9      | Killed a deep elf pyromancer
  9378 | D:9      | Reached skill level 4 in Spellcasting
  9378 | D:9      | Reached skill level 4 in Evocations
  9502 | D:9      | Reached skill level 3 in Throwing
  9503 | D:9      | Found a staircase to the Lair.
  9513 | D:9      | Noticed a two-headed ogre
  9525 | D:9      | Killed a two-headed ogre
  9526 | D:9      | Reached skill level 4 in Poison Magic
  9526 | D:9      | Reached XP level 11. HP: 64/75 MP: 17/17
  9537 | D:9      | Noticed a two-headed ogre
  9539 | D:9      | Found a transporter.
  9616 | D:9      | Killed a two-headed ogre
  9617 | D:9      | Reached skill level 7 in Ice Magic
  9777 | D:10     | Entered Level 10 of the Dungeon
  9985 | D:10     | Found a snail-covered altar of Cheibriados.
  9986 | D:10     | Found Cheibriados's Comfort Zone.
 10029 | D:10     | Noticed a two-headed ogre
 10048 | D:10     | Killed a two-headed ogre
 10420 | D:11     | Offered knowledge of Momentum Strike by Vehumet.
 10425 | D:11     | Reached ** piety under Vehumet
 10681 | D:11     | Reached skill level 4 in Throwing
 10981 | D:11     | Reached skill level 5 in Evocations
 11123 | D:11     | Noticed a cyan ugly thing
 11138 | D:11     | Killed a cyan ugly thing
 11139 | D:11     | Reached skill level 12 in Ranged Weapons
 11139 | D:11     | Reached skill level 8 in Ice Magic
 11156 | D:11     | Reached skill level 5 in Poison Magic
 11305 | D:11     | Noticed a brown ugly thing
 11333 | D:11     | Reached skill level 5 in Spellcasting
 11341 | D:11     | Killed a brown ugly thing
 11342 | D:11     | Reached XP level 12. HP: 58/81 MP: 19/19
 11417 | D:11     | Offered knowledge of Static Discharge by Vehumet.
 11568 | D:11     | Reached *** piety under Vehumet
 11702 | D:11     | Found a staircase to the Orcish Mines.
 12521 | Lair:1   | Entered Level 1 of the Lair of Beasts
 12615 | Lair:1   | Offered knowledge of Fulminant Prism by Vehumet.
 12630 | Lair:1   | Identified a potion of resistance
 12635 | Lair:1   | HP: 4/81 [poisoned by a cane toad]
 12636 | Lair:1   | HP: 1/81 [poisoned by a cane toad]
 12758 | Lair:1   | Reached skill level 5 in Throwing
 13168 | Lair:1   | Reached skill level 9 in Ice Magic
 13449 | Lair:2   | Reached skill level 6 in Evocations
 13606 | Lair:2   | Found a staircase to the Snake Pit.
 13645 | Lair:2   | Reached **** piety under Vehumet
 13824 | Lair:2   | Reached skill level 6 in Poison Magic
 13856 | Lair:2   | Offered knowledge of Sticky Flame by Vehumet.
 13911 | Lair:2   | Found a blossoming altar of Fedhas.
 13957 | Lair:2   | Learned a level 4 spell: Sticky Flame
 14119 | Lair:2   | Reached XP level 13. HP: 77/86 MP: 16/21
 14136 | Lair:2   | Reached skill level 13 in Ranged Weapons
 14136 | Lair:2   | Reached skill level 1 in Conjurations
 14144 | Lair:2   | Reached skill level 6 in Spellcasting
 14144 | Lair:2   | Reached skill level 1 in Fire Magic
 14294 | Lair:2   | Reached ***** piety under Vehumet
 14314 | Lair:2   | Noticed a catoblepas
 14366 | Lair:2   | HP: 2/86 [catoblepas (14)]
 14367 | Lair:2   | Slain by a blink frog

Vanquished Creatures
  5 two-headed ogres
  2 bog bodies (Lair:2)
  2 deep elf pyromancers
  A cyclops (D:11)
  2 ugly things (D:11)
  Joseph (D:7)
  2 cane toads (Lair:1)
  2 gargoyles (D:11)
  2 kobold demonologists
  An unseen horror (D:11)
  4 komodo dragons
  2 trolls
  A queen bee (Lair:2)
  A blink frog (Lair:2)
  A water elemental (D:11)
  9 yaks
  A vampire (D:11)
  3 wyverns (Lair:2)
  6 vampire mosquitoes (D:11)
  4 wraiths
  A swamp worm (Lair:2)
  4 nagas (Lair:2)
  6 water moccasins
  3 orc warriors
  A sky beast (D:6)
  2 ice beasts
  A black bear (D:8)
  5 wolves (Lair:2)
  3 centaurs
  A phantom (D:7)
  2 kobold brigands (D:8)
  7 bullfrogs
  3 scorpions
  10 wights
  Dowan (D:7)
  30 killer bees
  4 howler monkeys
  5 electric eels
  A crimson imp (D:6)
  2 hounds
  8 orc priests
  A gnoll bouda (D:5)
  Natasha (thrice) (D:2)
  2 sleepcaps
  4 iguanas
  12 orc wizards
  8 gnolls
  9 adders
  2 shadow imps
  A white imp (D:6)
  An ufetubus (D:5)
  A worm (D:4)
  5 dart slugs
  53 orcs
  5 bats
  6 endoplasms
  4 giant cockroaches
  6 goblins
  9 hobgoblins
  3 jackals (D:3)
  5 quokkas
  11 ball pythons
  7 frilled lizards
  21 kobolds
  6 rats
337 creatures vanquished.

Vanquished Creatures (others)
  13 fungi
  29 plants
42 creatures vanquished.

Grand Total: 379 creatures vanquished

Table legend: (Time is in decaauts)
 A = Elapsed time spent in this place.
 B = Non-inter-level travel time spent in this place.
 C = Inter-level travel time spent in this place.
 D = Time resting spent in this place.
 E = Time spent auto-exploring this place.
 F = Levels seen in this place.
 G = Mean time per level.
                   A        B        C        D        E       F      G
               +--------+--------+--------+--------+--------+-----+--------+
         Total |  14394 |  13670 |    724 |    780 |   9849 |  15 |  959.6 |
       Dungeon |  12451 |  11826 |    625 |    683 |   8685 |  12 | 1037.6 |
        Temple |     79 |     36 |     43 |      0 |     22 |   1 |   79.0 |
          Lair |   1863 |   1808 |     55 |     97 |   1141 |   2 |  931.5 |
               +--------+--------+--------+--------+--------+-----+--------+

Top non-repeatable levels by time:
    D:11: 1836 daAuts
     D:6: 1364 daAuts
     D:3: 1327 daAuts
     D:5: 1253 daAuts
     D:7: 1099 daAuts
     D:4: 1034 daAuts
     D:2: 968 daAuts
  Lair:1: 938 daAuts
  Lair:2: 924 daAuts
     D:8: 918 daAuts
     D:9: 905 daAuts
     D:1: 876 daAuts
    D:10: 808 daAuts
  Temple: 79 daAuts
    D:12: 59 daAuts

Table legend:
 A = Non-vault XP
 B = Vault XP
 C = Vault XP percentage of total XP
 D = Non-vault monster count
 E = Vault monster count
 F = Vault count percentage of total count
                 A         B        C        D         E       F
            +---------+---------+-------+---------+---------+-------
      Total |   21941 |    6666 |  23.3 |     250 |      87 |  25.8
            +---------+---------+-------+---------+---------+-------
        D:1 |      39 |       0 |   0.0 |      25 |       0 |   0.0
        D:2 |     124 |      39 |  23.9 |      22 |       2 |   8.3
        D:3 |     135 |      26 |  16.1 |      23 |       7 |  23.3
        D:4 |     139 |      58 |  29.4 |      20 |       6 |  23.1
        D:5 |     257 |       0 |   0.0 |      17 |       0 |   0.0
        D:6 |     953 |      58 |   5.7 |      17 |       2 |  10.5
        D:7 |     815 |     512 |  38.6 |      17 |       2 |  10.5
        D:8 |    1177 |       0 |   0.0 |      24 |       0 |   0.0
        D:9 |    4668 |     595 |  11.3 |      17 |       1 |   5.6
       D:10 |    1658 |       0 |   0.0 |      10 |       0 |   0.0
       D:11 |    5598 |     652 |  10.4 |      27 |      32 |  54.2
       D:12 |     860 |       0 |   0.0 |       2 |       0 |   0.0
     Lair:1 |    3508 |       0 |   0.0 |      16 |       0 |   0.0
     Lair:2 |    2010 |    4726 |  70.2 |      13 |      35 |  72.9
            +---------+---------+-------+---------+---------+-------
